 Dungeon Crawl Stone Soup version 0.31-a0-523-g071a6c1ffa (webtiles) character file.

Game seed: 5046007172380960127

1715 innerfire43 the Insei (level 9, -3/66 HPs)
             Began as a Gnoll Shapeshifter on Aug 11, 2023.
             Was a Priest of Kikubaaqudgha.
             Slain by a gnoll sergeant
             ... wielding a +6 spear of flaming
              (16 damage)
             ... on level 6 of the Dungeon.
             The game lasted 00:10:37 (5566 turns).

innerfire43 the Insei (Gnoll Shapeshifter)          Turns: 5566, Time: 00:10:38

Health: -3/66      AC:  1    Str: 14    XL:     9   Next: 4%
Magic:  11/14      EV: 15    Int: 10    God:    Kikubaaqudgha [***...]
Gold:   179        SH:  0    Dex: 15    Spells: 11/15 levels left

rFire   . .          .
                       - Unarmed
rCold   . . .        (shield currently unavailable)
rNeg    . . .        r - +2 robe {Will+}
rPois   +            D - +0 helmet
rElec   .            (no cloak)
rCorr   .            (no gloves)
SInv    .            (no boots)
Will    ++...        i - amulet of the acrobat
Stlth   +            x - ring of willpower
HPRegen 0.31/turn    z - ring of poison resistance
MPRegen 0.14/turn

%: acrobat
@: flux-form, corroded, glowing
A: glow, contaminating, fangs 1, strong nose, distributed training
a: Begin Untransformation, Renounce Religion, Unearth Wretches


You were on level 6 of the Dungeon.
You worshipped Kikubaaqudgha.
Kikubaaqudgha was most pleased with you.
You were something dangerously unstable.
You visited 1 branch of the dungeon, and saw 6 of its levels.

You collected 179 gold pieces.

Inventory:

Hand Weapons
 C - a +2 demon trident of draining
Armour
 a - a +0 animal skin
 r - a +2 robe of willpower (worn)
 D - a +0 helmet (worn)
Jewellery
 i - an amulet of the acrobat (around neck)
 k - a ring of magical power
 l - a ring of magical power
 x - a ring of willpower (left hand)
 z - a ring of poison resistance (right hand)
Talismans
 c - a beast talisman
 d - a flux talisman (active)
Scrolls
 f - 2 scrolls of immolation {unknown}
 g - 2 scrolls of identify {unknown}
 h - 4 scrolls of teleportation {unknown}
 j - a scroll of enchant weapon {unknown}
 p - a scroll of silence {unknown}
 q - a scroll of acquirement {unknown}
 v - a scroll of amnesia {unknown}
 y - 2 scrolls of enchant armour {unknown}
 A - a scroll of summoning {unknown}
Potions
 b - 2 potions of lignification
 e - 2 potions of magic {unknown}
 m - a potion of curing
 n - 3 potions of might {unknown}
 o - 3 potions of haste {unknown}
 s - 3 potions of heal wounds {unknown}
 t - a potion of enlightenment {unknown}
 u - a potion of cancellation {unknown}
 w - 3 potions of attraction
 B - a potion of brilliance {unknown}
 E - a potion of invisibility {unknown}


   Skills:
 + Level 4.7 Fighting
 + Level 3.9 Short Blades
 + Level 3.9 Long Blades
 + Level 3.9 Axes
 + Level 3.9 Maces & Flails
 + Level 3.9 Polearms
 + Level 3.9 Staves
 + Level 3.9 Ranged Weapons
 + Level 3.9 Throwing
 + Level 3.9 Armour
 + Level 6.1 Dodging
 + Level 3.9 Stealth
 + Level 3.9 Shields
 + Level 7.7 Unarmed Combat
 + Level 3.9 Spellcasting
 + Level 3.2 Conjurations
 + Level 3.2 Hexes
 + Level 3.2 Summonings
 + Level 3.2 Necromancy
 + Level 3.2 Translocations
 + Level 3.2 Transmutations
 + Level 3.2 Fire Magic
 + Level 3.2 Ice Magic
 + Level 3.2 Air Magic
 + Level 3.2 Earth Magic
 + Level 3.2 Poison Magic
 + Level 4.3 Invocations
 + Level 3.9 Evocations
 + Level 7.3 Shapeshifting


You had 11 spell levels left.
You knew the following spells:

 Your Spells              Type           Power      Damage    Failure   Level
a - Necrotise             Necr           32%        1d5       7%          1
b - Vampiric Draining     Necr           8%         2d6       21%         3

Your spell library contained the following spells:

 Spells                   Type           Power      Damage    Failure   Level
 Kiss of Death            Conj/Necr      32%        2d7       7%          1
 Summon Small Mammal      Summ           32%        N/A       7%          1
 Blink                    Tloc           16%        N/A       11%         2
 Cigotuvi's Dreadful Rot  Necr/Pois/Air  16%        N/A       11%         2
 Poisonous Vapours        Pois/Air       16%        N/A       11%         2
 Call Canine Familiar     Summ           8%         N/A       21%         3
 Mephitic Cloud           Conj/Pois/Air  8%         N/A       21%         3
 Summon Guardian Golem    Hex/Summ       8%         N/A       21%         3
 Dispel Undead            Necr           8%         3d8       56%         4
 Manifold Assault         Tloc           8%         N/A       56%         4
 Olgreb's Toxic Radiance  Pois           8%         N/A       56%         4
 Agony                    Necr           8%         N/A       88%         5
 Freezing Cloud           Conj/Ice/Air   4%         6-21      88%         5
 Death Channel            Necr           4%         N/A       100%        6
 Dispersal                Tloc           4%         N/A       100%        6
 Simulacrum               Ice/Necr       4%         N/A       100%        6
 Discord                  Hex            4%         N/A       100%        8
 Disjunction              Tloc           4%         N/A       100%        8
 Ignition                 Fire           4%         3d4       100%        8


Dungeon Overview and Level Annotations

Branches:
Dungeon (6/15)             Temple (0/1) D:6

Altars:
Kikubaaqudgha
Okawaru
Trog

Shops:
D:2 =


Innate Abilities, Weirdness & Mutations

You are something dangerously unstable.
You glow with magical radiation, making you easy to see and hit.
Foes you strike become dangerously contaminated with magical radiation.
You are incapable of wielding weapons or throwing items.
You have very sharp teeth.
Your uncanny sense of smell can sniff out nearby items.
Your experience applies equally to all skills.


Message History

You hit the jelly but do no damage.
The jelly glows dangerously bright.
Your hands burn!
The jelly is heavily wounded.
The jelly closely misses you.
You hit the jelly.
The jelly shudders as magic cascades through it!!
You kill the jelly!
Kikubaaqudgha accepts your kill.
The gnoll sergeant completely misses you.
The gnoll sergeant hits you with a +6 spear of flaming.
The gnoll sergeant burns you.
You hit the gnoll sergeant but do no damage.
The gnoll sergeant begins to glow.
The gnoll sergeant hits you with a +6 spear of flaming!
The gnoll sergeant burns you.
You hit the gnoll sergeant but do no damage.
The gnoll sergeant glows dangerously bright.
You bite the gnoll sergeant, but do no damage.
The gnoll sergeant hits you with a +6 spear of flaming!
The gnoll sergeant burns you.
You barely miss the gnoll sergeant.
The gnoll sergeant hits you with a +6 spear of flaming!
The gnoll sergeant burns you.
You are too injured to fight recklessly!
Casting: Necrotise (safe; 7% risk of failure)
Confirm with . or Enter, or press ? or * to list all spells.
Aiming: Vampiric Draining (dangerous; 21% risk of failure)
Press: ? - help, Shift-Dir - straight line, f - gnoll sergeant
Aim: a gnoll sergeant, wielding a +6 spear of flaming and wearing a +0 scale mail (heavily contaminated)
You draw life force from the gnoll sergeant.
You feel life coursing into your body.
The gnoll sergeant hits you with a +6 spear of flaming!
* * * LOW HITPOINT WARNING * * *
The gnoll sergeant burns you.
* * * LOW HITPOINT WARNING * * *
You barely miss the gnoll sergeant.
The gnoll sergeant is moderately wounded.
The gnoll sergeant hits you with a +6 spear of flaming!
You die...
Kikubaaqudgha rasps: "You have failed me!
Welcome... death!"

#######....................#
#....................#
#....................#
#....................#
#.......$............#
#...................)#
#.........<......†...#
#..............).....#
#.....B.............##
#.>....g...........##
#...................###
##.#####...#####.##.... #.
...# #.#####. #. .### #.# ##
.♣ #.# ##. #. ##.. #. #...


You could see a gnoll sergeant (heavy contam).

Vanquished Creatures
  Sigmund (D:2)
  A black bear (D:5)
  An ogre (D:4)
  2 centaurs
  2 phantoms
  5 scorpions
  2 howler monkeys
  5 jellies
  A quasit (D:5)
  A hound (D:4)
  2 orc priests
  2 sleepcaps
  3 iguanas
  Robin (D:4)
  6 adders
  2 shadow imps (D:5)
  A white imp (D:5)
  2 ufetubi (D:5)
  3 worms
  2 dart slugs
  11 orcs
  8 ball pythons
  5 bats
  7 endoplasms
  2 giant cockroaches
  19 goblins
  7 hobgoblins
  6 quokkas
  3 frilled lizards
  8 kobolds
  4 rats
125 creatures vanquished.

Vanquished Creatures (collateral kills)
  An ice beast (D:6)
  An orc (D:4)
2 creatures vanquished.

Vanquished Creatures (others)
  A wizard (D:5)
1 creature vanquished.

Grand Total: 128 creatures vanquished

Notes
Turn   | Place    | Note
-------+----------+-------------------------------------------
     0 | D:1      | innerfire43 the Gnoll Shapeshifter began the quest for the
                  | Orb.
     0 | D:1      | Reached XP level 1. HP: 17/17 MP: 1/1
   193 | D:1      | Reached XP level 2. HP: 17/23 MP: 2/2
   636 | D:1      | Reached XP level 3. HP: 28/28 MP: 3/3
   888 | D:2      | HP: 1/28 [adder (2)]
   892 | D:2      | Reached skill level 1 in Invocations
  1115 | D:2      | Found Cyttoaka's Jewellery Emporium.
  1165 | D:2      | Found a faded altar of an unknown god.
  1165 | D:2      | Noticed Sigmund
  1182 | D:2      | Killed Sigmund
  1183 | D:2      | Reached skill level 1 in Short Blades
  1183 | D:2      | Reached skill level 1 in Long Blades
  1183 | D:2      | Reached skill level 1 in Axes
  1183 | D:2      | Reached skill level 1 in Maces & Flails
  1183 | D:2      | Reached skill level 1 in Polearms
  1183 | D:2      | Reached skill level 1 in Staves
  1183 | D:2      | Reached skill level 1 in Ranged Weapons
  1183 | D:2      | Reached skill level 1 in Throwing
  1183 | D:2      | Reached skill level 1 in Armour
  1183 | D:2      | Reached skill level 1 in Stealth
  1183 | D:2      | Reached skill level 1 in Shields
  1183 | D:2      | Reached skill level 1 in Spellcasting
  1183 | D:2      | Reached skill level 1 in Conjurations
  1183 | D:2      | Reached skill level 1 in Hexes
  1183 | D:2      | Reached skill level 1 in Summonings
  1183 | D:2      | Reached skill level 1 in Necromancy
  1183 | D:2      | Reached skill level 1 in Translocations
  1183 | D:2      | Reached skill level 1 in Transmutations
  1183 | D:2      | Reached skill level 1 in Fire Magic
  1183 | D:2      | Reached skill level 1 in Ice Magic
  1183 | D:2      | Reached skill level 1 in Air Magic
  1183 | D:2      | Reached skill level 1 in Earth Magic
  1183 | D:2      | Reached skill level 1 in Poison Magic
  1183 | D:2      | Reached skill level 1 in Evocations
  1183 | D:2      | Reached XP level 4. HP: 18/35 MP: 4/6
  1183 | D:2      | Reached XP level 5. HP: 22/41 MP: 4/7
  1216 | D:2      | Prayed at the altar of an unknown god.
  1216 | D:2      | Became a worshipper of Kikubaaqudgha
  1216 | D:2      | Reached * piety under Kikubaaqudgha
  1216 | D:2      | Received a gift from Kikubaaqudgha
  1505 | D:2      | Reached XP level 6. HP: 46/47 MP: 8/8
  1841 | D:3      | Found an iron altar of Okawaru.
  2058 | D:3      | Identified the +0 hand axe of Distraction {drain, +Blink
                  | Fly rN+}
  2444 | D:4      | Noticed Robin
  2557 | D:4      | Reached ** piety under Kikubaaqudgha
  2631 | D:4      | Reached skill level 5 in Dodging
  2639 | D:4      | Killed Robin
  3019 | D:4      | Reached XP level 7. HP: 39/52 MP: 10/10
  3673 | D:5      | Entered Level 5 of the Dungeon
  3676 | D:5      | Learned a level 1 spell: Necrotise
  4271 | D:5      | Reached XP level 8. HP: 41/60 MP: 12/12
  4444 | D:5      | Found a bloodstained altar of Trog.
  4445 | D:5      | Noticed a wizard
  4452 | D:5      | Killed a wizard
  4738 | D:5      | Reached *** piety under Kikubaaqudgha
  4738 | D:5      | Received a gift from Kikubaaqudgha
  5229 | D:6      | Found a staircase to the Ecumenical Temple.
  5513 | D:6      | Reached XP level 9. HP: 61/66 MP: 14/14
  5521 | D:6      | Learned a level 3 spell: Vampiric Draining
  5566 | D:6      | Slain by a gnoll sergeant

Illustrated notes

Levels and vault maps discovered:
D:1:      lightli_arrival_quake, layout_loops_cross, kennysheep_small_spiral
D:2:      layout_loops_ring, ebering_ecumenical_altar_webs, serial_shops, shop,
          uniq_sigmund
D:3:      layout_basic, nicolae_overflow_crystal_walls
D:4:      dreamdust_elfheim, layout_layer_cave, uniq_robin
D:5:      layout_basic, trog_wizard, serial_demonic, serial_demonic_b,
          serial_demonic_c, serial_demonic_b, serial_demonic_f
D:6:      layout_basic, nicolae_hepliaklqana_ecumenical_no_more,
          minmay_temple_entry_arrows, minmay_misc_feat_chi,
          pf_guarded_unrand_woodcutter, uniq_jeremiah, uniq_maggie,
          uniq_crazy_yiuf_cottage

Skill      XL: |  1  2  3  4  5  6  7  8 |
---------------+-------------------------+-----
Invocations    | 1 2 3 4 |  4.3
Fighting       | 3 4 |  4.7
Short Blades   | 1 2 3 |  3.9
Long Blades    | 1 2 3 |  3.9
Axes           | 1 2 3 |  3.9
Maces & Flails | 1 2 3 |  3.9
Polearms       | 1 2 3 |  3.9
Staves         | 1 2 3 |  3.9
Ranged Weapons | 1 2 3 |  3.9
Throwing       | 1 2 3 |  3.9
Armour         | 1 2 3 |  3.9
Stealth        | 1 2 3 |  3.9
Shields        | 1 2 3 |  3.9
Spellcasting   | 1 2 3 |  3.9
Conjurations   | 1 2 3 |  3.2
Hexes          | 1 2 3 |  3.2
Summonings     | 1 2 3 |  3.2
Necromancy     | 1 2 3 |  3.2
Translocations | 1 2 3 |  3.2
Transmutations | 1 2 3 |  3.2
Fire Magic     | 1 2 3 |  3.2
Ice Magic      | 1 2 3 |  3.2
Air Magic      | 1 2 3 |  3.2
Earth Magic    | 1 2 3 |  3.2
Poison Magic   | 1 2 3 |  3.2
Evocations     | 1 2 3 |  3.9
Dodging        | 5 6 |  6.1
Unarmed Combat | 7 |  7.7
Shapeshifting  | 7 |  7.3

Action                     |  1- 3 |  4- 6 |  7- 9 || total
---------------------------+-------+-------+-------++-------
  Melee: Unarmed           |    85 |   116 |   181 ||   382
         Bite              |     9 |    13 |    30 ||    52
   Cast: Necrotise         |       |       |    27 ||    27
         Vampiric Draining |       |       |     1 ||     1
    Use: Potion            |     2 |       |       ||     2
 Armour: Animal skin       |     8 |       |       ||     8
         Robe              |       |    25 |    39 ||    64
  Dodge: Dodged            |    49 |   134 |   214 ||   397
   Form: Flux              |     1 |       |       ||     1

Table legend: (Time is in decaauts)
 A = Elapsed time spent in this place.
 B = Non-inter-level travel time spent in this place.
 C = Inter-level travel time spent in this place.
 D = Time resting spent in this place.
 E = Time spent auto-exploring this place.
 F = Levels seen in this place.
 G = Mean time per level.
                   A        B        C        D        E       F      G
               +--------+--------+--------+--------+--------+-----+--------+
         Total |   5519 |   5280 |    239 |      0 |   4418 |   6 |  919.8 |
       Dungeon |   5519 |   5280 |    239 |      0 |   4418 |   6 |  919.8 |
               +--------+--------+--------+--------+--------+-----+--------+

Top non-repeatable levels by time:
     D:4: 1540 daAuts
     D:5: 994 daAuts
     D:2: 889 daAuts
     D:1: 863 daAuts
     D:3: 816 daAuts
     D:6: 416 daAuts
